 Dungeon Crawl Stone Soup version 0.21.1-1-g345015f (webtiles) character file.

352 inc the Cudgeler (level 6, -8/42 HPs)
             Began as an Octopode Fighter on June 12, 2018.
             Mangled by a hornet (10 damage)
             ... while paralysed by a hornet
             ... on level 5 of the Dungeon.
             The game lasted 00:04:54 (3747 turns).

inc the Cudgeler (Octopode Fighter)                 Turns: 3747, Time: 00:04:54

Health: -8/42      AC:  1    Str: 15      XL:     6   Next: 61%
Magic:  6/6        EV:  2    Int: 11      God:
Gold:   253        SH:  0    Dex:  9 (13) Spells: 5/5 levels left

rFire    . . .     SeeInvis +   r - +2 whip (drain)
rCold    . . .     Gourm    .   b - +1 shield
rNeg     . . .     Faith    .   (helmet restricted)
rPois    .         Spirit   .   (no amulet)
rElec    .         Reflect  .   i - ring of see invisible
rCorr    .         Harm     .   (no ring)
MR       .....                  (no ring)
Stlth    ++........             (no ring)
HPRegen  0.14/turn              (no ring)
MPRegen  0.10/turn              (no ring)
                                (no ring)
                                (no ring)

@: paralysed, lethally poisoned (-8 -> -16), slowed
A: almost no armour, stealthy swim, amphibious, 8 rings, constrict 8, camouflage
1, gelatinous body 1
a: no special abilities


You were on level 5 of the Dungeon.
You were hungry.

You visited 1 branch of the dungeon, and saw 5 of its levels.

You collected 253 gold pieces.

Inventory:

Hand Weapons
 a - a +0 flail
 r - a +2 whip of draining (weapon)
Armour
 b - a +1 shield (worn)
Jewellery
 i - a ring of see invisible (left tentacle)
Scrolls
 f - a scroll of teleportation
Potions
 c - a potion of might
 e - a potion of heal wounds
 g - a potion of agility
 h - a potion of brilliance {unknown}
 j - a potion of flight {unknown}
 l - 2 potions of degeneration {unknown}
 n - 2 potions of curing
 q - a potion of haste
Comestibles
 d - 8 rations


   Skills:
 - Level 3.0 Fighting
 + Level 6.8 Maces & Flails
 - Level 3.0 Dodging
 - Level 3.0 Shields


You had 5 spell levels left.
You didn't know any spells.

Dungeon Overview and Level Annotations

Branches:
Dungeon (5/15)
 Temple: D:4-7

Altars:
Dithmenos
Elyvilon
Ru
Wu Jian

Shops:
D:5 *


Innate Abilities, Weirdness & Mutations

You cannot wear most types of armour.
You are very stealthy in the water. (Stealth+)
You are amphibious.
You can wear up to eight rings at the same time.
You can use your tentacles to constrict eight enemies at once.
Your skin changes colour to match your surroundings (Stealth+).
Your rubbery body absorbs attacks. (AC +1, EV +1)


Message History

You constrict the orc.
You kill the orc!
An orc wizard comes into view. It is wielding a dagger.
The orc wizard shouts!
You whack the hornet! You drain the hornet! Your grab misses the hornet.
The hornet is moderately wounded.
The hornet misses you.
You miss the hornet. Your grab misses the hornet.
The hornet is moderately wounded.
The hornet stings you!
You are poisoned.
You feel yourself slow down.
The orc wizard casts a spell.
The orc wizard flickers and vanishes for a moment.
The hornet stings you!
* * * LOW HITPOINT WARNING * * *
You suddenly lose the ability to move!
* * * LOW HITPOINT WARNING * * *
You feel sick. The hornet stings you!
You die...

#.# #.# #.# #.#
#.# #.# #.# ### #
#.###########.##.#
#.....@y..o......#
###########.#.####
####.#.##
#....oo.#
#.......#
#...o...#
#........#
#........#
#........#


You could see a hornet and an orc wizard (invisible).

Vanquished Creatures
  A quasit (D:5)
  2 hounds
  An orc wizard (D:4)
  An orc priest (D:4)
  A worker ant (D:4)
  7 adders
  An ooze (D:3)
  3 worms
  4 dart slugs
  3 leopard geckos
  12 orcs
  5 giant cockroaches
  4 goblins
  5 hobgoblins
  7 jackals
  10 kobolds
  2 quokkas
  2 ball pythons
  6 bats
  4 frilled lizards
  A leopard gecko skeleton (D:4)
  5 rats
87 creatures vanquished.

Notes
Turn   | Place    | Note
-------+----------+-------------------------------------------
     0 | D:1      | inc the Octopode Fighter began the quest for the Orb.
     0 | D:1      | Reached XP level 1. HP: 16/16 MP: 1/1
   209 | D:1      | Reached XP level 2. HP: 20/21 MP: 2/2
   264 | D:1      | Reached skill level 3 in Maces & Flails
   450 | D:1      | Reached XP level 3. HP: 26/26 MP: 3/3
   839 | D:2      | Reached skill level 4 in Maces & Flails
   860 | D:2      | Reached XP level 4. HP: 11/31 MP: 4/4
  2021 | D:4      | Reached skill level 5 in Maces & Flails
  2021 | D:4      | Reached XP level 5. HP: 27/36 MP: 5/5
  2164 | D:4      | Found a sacrificial altar of Ru.
  2165 | D:4      | Found a shadowy altar of Dithmenos.
  2386 | D:4      | Found a white marble altar of Elyvilon.
  2733 | D:4      | Noticed a phantom
  2781 | D:5      | Entered Level 5 of the Dungeon
  3140 | D:4      | Reached skill level 6 in Maces & Flails
  3140 | D:4      | Reached XP level 6. HP: 35/42 MP: 6/6
  3511 | D:5      | Found Taank's Assorted Antiques.
  3518 | D:5      | Found an ornate altar of the Wu Jian Council.
  3728 | D:5      | Noticed a hornet
  3746 | D:5      | Paralysed by a hornet for 2 turns
  3747 | D:5      | HP: 2/42 [poisoned by a hornet]
  3747 | D:5      | Mangled by a hornet

Skill      XL: |  1  2  3  4  5 |
---------------+----------------+-----
Maces & Flails | 3 4 5 6 |  6.8
Fighting       | |  3.0
Dodging        | |  3.0
Shields        | |  3.0

Action                   |  1- 3 |  4- 6 || total
-------------------------+-------+-------++-------
Melee: Flail             |    55 |    61 ||   116
       Constrict         |    17 |    23 ||    40
       Tentacles         |    13 |    26 ||    39
       Whip              |       |    71 ||    71
  Use: Scroll            |     1 |     9 ||    10
 Stab: Sleeping          |     5 |     4 ||     9
  Eat: Chunk             |       |     8 ||     8
Armor: Skin              |     7 |    14 ||    21
Dodge: Dodged            |    26 |    62 ||    88
Block: Shield            |    24 |    55 ||    79
